 Dungeon Crawl Stone Soup version 0.28-a0-1389-gc726bef33b (webtiles) character file.

Game seed: 3840107396651503532

31 silenth the Gusty (level 3, 24/24 HPs)
             Began as a Human Air Elementalist on Dec 23, 2021.
             Quit the game on level 2 of the Dungeon on Jan 3, 2022.
             The game lasted 00:02:14 (1656 turns).

silenth the Gusty (Human Air Elementalist)          Turns: 1656, Time: 00:02:15

Health: 24/24      AC:  2    Str:  8    XL:     3   Next: 40%
Magic:  6/6        EV: 12    Int: 17    God:
Gold:   50         SH:  0    Dex: 13    Spells: 4/7 levels left

rFire   . . .      SeeInvis .   c - +0 short sword
rCold   . . .      Faith    .   (no shield)
rNeg    . . .      Spirit   .   a - +0 robe
rPois   .          Reflect  .   (no helmet)
rElec   .          Harm     .   (no cloak)
rCorr   .          Rampage  .   (no gloves)
Will    .....                   (no boots)
Stlth   ++........              (no amulet)
HPRegen 0.08/turn               (no ring)
MPRegen 0.10/turn               (no ring)

@: no status effects
A: no striking features
a: no special abilities


You were on level 2 of the Dungeon.
You visited 1 branch of the dungeon, and saw 2 of its levels.

You collected 50 gold pieces.

Inventory:

Hand Weapons
 c - a +0 short sword (weapon)
Armour
 a - a +0 robe (worn)
Scrolls
 b - a scroll of brand weapon {unknown}
 d - a scroll of magic mapping {unknown}
 e - 3 scrolls of acquirement {unknown}


   Skills:
 - Level 0.1 Fighting
 - Level 2.0 Dodging
 - Level 2.0 Stealth
 + Level 2.5 Spellcasting
 + Level 1.8 Conjurations
 + Level 3.4 Air Magic


You had 4 spell levels left.
You knew the following spells:

 Your Spells              Type           Power      Damage    Failure   Level
a - Shock                 Conj/Air       44%        1d5       6%          1
b - Static Discharge      Conj/Air       11%        N/A       10%         2

Your spell library contained the following spells:

 Spells                   Type           Power      Damage    Failure   Level
 Swiftness                Air            13%        N/A       14%         3
 Airstrike                Air            6%         N/A       41%         4
 Animate Armour           Summ/Erth      4%         N/A       88%         4
 Blade Hands              Tmut           1%         N/A       99%         5
 Iron Shot                Conj/Erth      2%         9d2       100%        6


Dungeon Overview and Level Annotations

Branches:
Dungeon (2/15)

Altars:


Message History

The zap hits the worm.
The worm is almost dead.
The zap hits the worm.
The worm is almost dead.
You barely miss the worm.
The worm is almost dead.
You barely miss the worm.
The worm is almost dead.
The worm closely misses you.
You hit the worm.
The worm is almost dead.
The worm barely misses you.
You hit the worm but do no damage.
The worm is almost dead.
You hit the worm.
You kill the worm!
You start resting.
Magic restored.
Save game and exit?
Welcome back, silenth the Human Air Elementalist.
Press ? for a list of commands and other information.
Found a war axe.
Found 16 bolts.
Found 28 stones.
A frilled lizard comes into view.
A frilled lizard is nearby!
The frilled lizard hisses angrily.
You barely miss the frilled lizard. The frilled lizard barely misses you.
You miss the frilled lizard. The frilled lizard barely misses you.
You hit the frilled lizard.
The frilled lizard is heavily wounded.
The frilled lizard bites you but does no damage.
You barely miss the frilled lizard.
The frilled lizard is heavily wounded.
The frilled lizard bites you but does no damage.
You hit the frilled lizard.
You kill the frilled lizard!
No target in view!
No target in view!
Are you sure you want to abandon this character and quit the game? (Confirm with "yes".)

########### ..........#
#.......... ..........#
#.......... ..........#
#.......... ..........#
#(......... ..........#
#.......... ..........#
#.......... ..........#
#.......... .......@..#
#.......... ..........#
#..........
..........####..........
........................
..........####..........
..........# ##.........
#.#######.# #.........
#. #.# #......[). #.#
#........(


There were no monsters in sight!

Vanquished Creatures
  A worm (D:2)
  A dart slug (D:1)
  2 ball pythons (D:2)
  5 endoplasms (D:1)
  3 giant cockroaches
  A quokka (D:1)
  5 bats
  3 frilled lizards
  2 kobolds
  2 rats (D:1)
25 creatures vanquished.

Notes
Turn   | Place    | Note
-------+----------+-------------------------------------------
     0 | D:1      | silenth the Human Air Elementalist began the quest for the
                  | Orb.
     0 | D:1      | Reached XP level 1. HP: 13/13 MP: 3/3
   280 | D:1      | Reached XP level 2. HP: 19/19 MP: 0/5
   844 | D:1      | Reached XP level 3. HP: 24/24 MP: 1/6
   847 | D:1      | Learned a level 2 spell: Static Discharge
  1145 | D:2      | HP: 1/24 [kobold (4)]
  1183 | D:2      | HP: 2/24 [ball python (2)]
  1610 | D:2      | Upgraded the game from 0.28-a0-1234-g826d19b2e0 to
                  | 0.28-a0-1389-gc726bef33b
  1656 | D:2      | Quit the game

Illustrated notes

Levels and vault maps discovered:
D:1:      dpeg_arrival_arbitrary_a, layout_basic
D:2:      layout_basic, hellmonk_ecumenical_altar_heavens_door, uniq_terence

Action                   || total
-------------------------++-------
Melee: Unarmed           ||     2
       Short sword       ||    39
 Cast: Shock             ||    60
  Use: Potion            ||     1
Armor: Robe              ||    12
Dodge: Dodged            ||    34

Table legend: (Time is in decaauts)
 A = Elapsed time spent in this place.
 B = Non-inter-level travel time spent in this place.
 C = Inter-level travel time spent in this place.
 D = Time resting spent in this place.
 E = Time spent auto-exploring this place.
 F = Levels seen in this place.
 G = Mean time per level.
                   A        B        C        D        E       F      G
               +--------+--------+--------+--------+--------+-----+--------+
         Total |   1659 |   1645 |     14 |    308 |   1022 |   2 |  829.5 |
       Dungeon |   1659 |   1645 |     14 |    308 |   1022 |   2 |  829.5 |
               +--------+--------+--------+--------+--------+-----+--------+

Top non-repeatable levels by time:
     D:1: 1054 daAuts
     D:2: 604 daAuts
